 Dungeon Crawl Stone Soup version 0.17.2-1-ge4368a0 (webtiles) character file.

13220 Goblin1989 the Martial Artist (level 11, -2/86 HPs)
             Began as a Demonspawn Monk on Apr 24, 2017.
             Was a High Priest of Yredelemnul.
             Killed from afar by Nergalle (23 damage)
             ... with a bolt of negative energy
             ... on level 1 of the Lair of Beasts on Apr 25, 2017.
             The game lasted 00:46:07 (15669 turns).

Goblin1989 the Martial Artist (Demonspawn Monk)    Turns: 15669, Time: 00:46:07

Health: -2/86      AC: 22    Str: 14    XL:     11   Next: 72%
Magic:  14/14      EV: 13    Int: 12    God:    Yredelemnul [*****.]
Gold:   238        SH:  0    Dex: 25    Spells: 0 memorised, 10 levels left

rFire  + + .     SeeInvis +     a - +4 dire flail (protect)
rCold  . . .     Clarity  +     O - +1 chain mail {rF+}
rNeg   . . .     SustAt   .     (shield currently unavailable)
rPois  .         Gourm    .     (helmet restricted)
rElec  .         Spirit   .     n - +2 cloak
rCorr  .         Warding  .     r - +2 pair of gloves
rMut   .         Stasis   .     u - +0 pair of boots
MR     .....                    V - amulet of clarity
Stlth  +.........               f - ring of protection from fire
                                s - ring of see invisible

@: agile, heavily drained, not resistant to hostile enchantments, very
unstealthy
A: horns 1, thin skeletal structure 2, powered by pain 2
a: Recall Undead Slaves, Injury Mirror, Animate Dead, Drain Life, Enslave Soul,
Renounce Religion


You were on level 1 of the Lair of Beasts.
You worshipped Yredelemnul.
Yredelemnul was extremely pleased with you.
You were not hungry.

You visited 2 branches of the dungeon, and saw 13 of its levels.

You collected 817 gold pieces.
You spent 579 gold pieces at shops.

Inventory:

Hand Weapons
 a - a +4 dire flail of protection (weapon)
 b - the +7 great mace "Undeadhunter" {disrupt, rN+}
   (You bought it in a shop on level 5 of the Dungeon)

   It protects you from negative energy.
Missiles
 U - 18 poisoned needles
 Z - 3 throwing nets {!d, =f}
Armour
 n - a +2 cloak (worn)
 r - a +2 pair of gloves (worn)
 u - a +0 pair of boots (worn)
 O - a +1 chain mail of fire resistance (worn)
Jewellery
 f - a ring of protection from fire (right hand)
 s - a ring of see invisible (left hand)
 V - an amulet of clarity (around neck)
 X - a ring of positive energy
Wands
 j - a wand of fire (8)
 k - a wand of cold (4)
 v - a wand of disintegration (12)
 G - a wand of cold (9)
 H - a wand of draining (12)
 L - a wand of lightning (7)
Scrolls
 d - 8 scrolls of immolation
 h - 3 scrolls of fear {unknown}
 i - a scroll of amnesia {unknown}
 t - 4 scrolls of fog {unknown}
 x - a scroll of brand weapon {unknown}
 y - a scroll of summoning {unknown}
 A - 5 scrolls of remove curse {unknown}
 C - 3 scrolls of recharging {unknown}
 E - 2 scrolls of enchant armour {unknown}
 I - 2 scrolls of holy word {unknown}
 M - 2 scrolls of magic mapping
 S - 3 scrolls of noise {unknown}
 T - 4 scrolls of teleportation {!r, @r3}
 W - a scroll of random uselessness {unknown}
 Y - 3 scrolls of blinking {unknown}
Potions
 c - 2 potions of agility {unknown}
 l - 7 potions of heal wounds {@q2, !q}
 m - 5 potions of flight
 q - 6 potions of haste {@q3, !q}
 w - 2 potions of ambrosia {unknown}
 z - 2 potions of cancellation {unknown}
 D - 7 potions of curing {@q1}
 F - 4 potions of lignification
 J - a potion of poison {unknown}
 N - a potion of might {unknown}
 P - 2 potions of invisibility
Comestibles
 e - 11 bread rations {@e1}
 g - 2 slices of pizza
 p - a royal jelly
 B - 9 beef jerkies
 K - 8 fruits
 Q - 4 meat rations {@e2}


   Skills:
 + Level 8.0(4.8) Fighting
 * Level 9.8(6.5) Maces & Flails
   Level 0.1(3.1) Staves
 + Level 5.8(2.9) Armour
 + Level 6.3(3.3) Dodging
 - Level 1.7(0.0) Stealth
 - Level 9.9(6.6) Unarmed Combat
 - Level 4.4(1.5) Invocations


You had 10 spell levels left.
You didn't know any spells.

Dungeon Overview and Level Annotations

Branches:
Dungeon (11/15)            Temple (0/1) D:5            Lair (2/8) D:10
    Orc (0/4) D:11

Altars:
Cheibriados
Dithmenos
Gozag
Makhleb
Ru
Trog
Vehumet
Yredelemnul
Zin
The Shining One

Shops:
D:5 **}

Annotations:
D:8 exclusion: Erolcha, Erolcha
Lair:1 Nergalle


Innate Abilities, Weirdness & Mutations

You have a pair of small horns on your head.
You have a moderately thin skeletal structure (Dex +4, Stealth+).
You sometimes gain power by taking damage.


Message History

The spectral orc warrior is moderately damaged.
Nergalle points at you and mumbles some strange words.
The bolt of negative energy misses the spectral orc warrior.
The bolt of negative energy hits you!
You feel drained.
You focus on the pain.
You feel agile all of a sudden.
The bolt of negative energy hits the spectral orc warrior.
The spectral orc warrior completely resists.
The spectral orc warrior misses you.
You take 16 damage, and have 58/86 hp.
You hit the spectral orc warrior but do no damage.
You headbutt the spectral orc warrior.
The spectral orc warrior is heavily damaged.
The spectral orc warrior closely misses you.
You barely miss the spectral orc warrior.
You headbutt the spectral orc warrior, but do no damage.
The spectral orc warrior is heavily damaged.
You flicker back into view.
The spectral orc warrior closely misses you.
You hit Nergalle but do no damage.
The spectral orc warrior hits you but does no damage.
You hit Nergalle.
Nergalle is lightly wounded.
Nergalle gestures at the spectral orc warrior while chanting.
The spectral orc warrior seems to speed up.
Your chain mail prevents you from hitting Nergalle.
You headbutt Nergalle, but do no damage.
Nergalle is lightly wounded.
The spectral orc warrior hits you but does no damage.
You hit Nergalle but do no damage. Your headbutt misses Nergalle.
Nergalle is lightly wounded.
Nergalle hits you with a dagger of distortion.
The spectral orc warrior hits you but does no damage.
You take 1 damage, and have 58/86 hp.
You hit Nergalle.
You headbutt Nergalle, but do no damage.
Nergalle is lightly wounded.
Nergalle says, "THAT's why.
How awful.
You!"
Nergalle misses you.
You hit Nergalle but do no damage.
You headbutt Nergalle, but do no damage.
Nergalle is lightly wounded.
The spectral orc warrior closely misses you.
Nergalle casts a spell at you. The bolt of negative energy hits you!
You feel drained.
The bolt of negative energy hits the spectral orc warrior.
The spectral orc warrior completely resists.
You take 16 damage, and have 42/86 hp.
You closely miss Nergalle.
Nergalle is lightly wounded.
The spectral orc warrior hits you with a war axe.
* * * LOW HITPOINT WARNING * * *
You feel drained.
* * * LOW HITPOINT WARNING * * *
Nergalle points at you and mumbles some strange words.
The bolt of negative energy misses you.
The bolt of negative energy hits the spectral orc warrior.
The spectral orc warrior completely resists.
You take 5 damage, and have 37/86 hp.
You hit Nergalle but do no damage. Your headbutt misses Nergalle.
Nergalle is lightly wounded.
Nergalle hits you but does no damage.
You blink.
Unknown command.
Nergalle shouts, "Kill, kill, my pretties!"
Nergalle points at you and mumbles some strange words.
The bolt of negative energy hits the spectral orc warrior.
The spectral orc warrior completely resists.
The bolt of negative energy hits you!
You feel drained.
* * * LOW HITPOINT WARNING * * *
The spectral orc warrior barely misses you.
You take 13 damage, and have 24/86 hp.
You sock the spectral orc warrior!
You headbutt the spectral orc warrior, but do no damage.
The spectral orc warrior is heavily damaged.
You sock the spectral orc warrior!
The spectral orc warrior is almost destroyed.
The spectral orc warrior completely misses you.
You puncture the spectral orc warrior!
You destroy the spectral orc warrior!
Nergalle completely misses you.
You thump Nergalle!
You headbutt Nergalle, but do no damage.
Nergalle is moderately wounded.
Nergalle hits you but does no damage. Space bends around you.
* * * LOW HITPOINT WARNING * * *
You take 1 damage, and have 24/86 hp.
You sock Nergalle!
Nergalle is heavily wounded.
Nergalle hits you but does no damage. Space warps horribly around you!
* * * LOW HITPOINT WARNING * * *
You take 4 damage, and have 20/86 hp.
You puncture Nergalle!
Nergalle is severely wounded.
Nergalle hits you but does no damage.
You blink.
The spectral orc warrior hits you but does no damage.
You feel drained.
Your magical contamination has completely faded away.
Nergalle gestures at you while chanting.
The bolt of negative energy hits you!
You feel drained.
You die...
Your body rises from the dead as a mindless zombie.

█................................
█................................
█................................
.................................
.................................
.................................
.................................
.................................
.............(..@................
..[..............................
.....P████████P█.█████████.......
.....██ ███.█ ██..).... .....█


█o█ █...P██.. .█...█ █Z█ ██....... █....█ █.█ ██....o.. ██...█ █.█ █P..█Z...
█....█ ██.████████........ You could see Nergalle and a spectral orc warrior.

Vanquished Creatures
  Joseph (D:9)
  2 trolls (D:11)
  A fire drake (Lair:1)
  The ghost of Tobisume the Chopper, an amateur DsFi of Qazlal (D:4)
  Prince Ribbit (D:7)
  8 yaks
  Sigmund (D:3)
  2 deep elf magi (D:11)
  2 hippogriffs (Lair:1)
  Edmund (D:5)
  2 porcupines (Lair:1)
  6 water moccasins
  A wolf (Lair:1)
  2 orc warriors (D:11)
  4 ice beasts
  A wasp (D:8)
  A necrophage (D:5)
  2 phantoms
  A black bear (D:7)
  7 centaurs
  3 sky beasts
  A big kobold (D:7)
  5 ogres
  Blork the orc (D:5)
  13 giant frogs
  A wyvern zombie (D:7)
  A water moccasin zombie (D:9)
  A wyvern skeleton (D:7)
  4 wights (D:9)
  A vampire bat (D:3)
  4 scorpions
  4 killer bees
  An electric eel (D:6)
  2 giant frog zombies
  9 crimson imps
  A quasit (D:7)
  A centaur zombie (D:4)
  A wasp zombie (D:11)
  5 orc priests
  4 giant frog skeletons
  A gnoll shaman (D:5)
  5 hounds
  2 centaur skeletons
  A jelly (D:9)
  7 orc wizards
  4 worker ants
  5 iguanas
  2 hound skeletons (D:7)
  2 worker ant zombies
  10 gnolls
  12 adders
  3 river rats (Lair:1)
  3 shadow imps
  3 oozes
  An adder skeleton (D:6)
  3 worms
  The ghost of Goblin1989 the Vexing, a weakling HuEn (D:3)
  6 giant geckos
  49 orcs
  2 spectral bats (D:3)
  3 ball pythons
  16 bats
  3 bat skeletons (D:3)
  A bat zombie (D:3)
  3 fire bats (D:3)
  7 giant cockroaches
  10 hobgoblins
  12 jackals
  7 kobolds
  A bat simulacrum (D:3)
  4 giant newts
  10 goblins
  3 jackal skeletons (D:7)
  4 quokkas
  A quokka zombie (D:5)
  9 rats
326 creatures vanquished.

Vanquished Creatures (collateral kills)
  A hill giant (D:11)
  A cyclops (D:11)
  2 spiny frogs (Lair:1)
  A komodo dragon (Lair:2)
  11 yaks (Lair:1)
  2 wolves (Lair:1)
  A porcupine (Lair:1)
  An eye of draining (D:9)
  2 water moccasins (Lair:1)
  A centaur (D:11)
  2 giant frogs (Lair:1)
  4 killer bees (D:11)
  5 iguanas
  An orc priest (D:11)
  3 orc wizards
  A shadow imp (D:5)
  6 river rats (Lair:1)
  10 orcs
55 creatures vanquished.

Vanquished Creatures (others)
  3 flying skulls
  An ogre zombie (D:4)
  An orc zombie (D:4)
5 creatures vanquished.

Grand Total: 386 creatures vanquished

Notes
Turn   | Place    | Note
--------------------------------------------------------------
     0 | D:1      | Goblin1989 the Demonspawn Monk began the quest for the Orb.
     0 | D:1      | Reached XP level 1. HP: 18/18 MP: 1/1
   318 | D:1      | Reached skill level 4 in Unarmed Combat
   463 | D:1      | Gained mutation: You have a somewhat thin skeletal structure (Dex +2, Stealth). [demonic ancestry]
   463 | D:1      | Reached XP level 2. HP: 17/24 MP: 2/2
   985 | D:1      | Reached XP level 3. HP: 24/29 MP: 3/3
  2302 | D:2      | Found a glowing golden altar of the Shining One.
  2385 | D:2      | Found a bloodstained altar of Trog.
  2528 | D:3      | Reached skill level 5 in Unarmed Combat
  2533 | D:3      | Gained mutation: You sometimes gain a little power by taking damage. [demonic ancestry]
  2533 | D:3      | Reached XP level 4. HP: 35/35 MP: 4/4
  2598 | D:3      | Noticed Goblin1989's ghost (weakling HuEn)
  2604 | D:3      | Killed Goblin1989's ghost
  2662 | D:3      | Noticed Sigmund
  2692 | D:3      | Killed Sigmund
  2692 | D:3      | Reached skill level 6 in Unarmed Combat
  2692 | D:3      | Gained mutation: You have a pair of small horns on your head. [demonic ancestry]
  2692 | D:3      | Reached XP level 5. HP: 30/41 MP: 5/5
  2904 | D:3      | Reached XP level 6. HP: 47/47 MP: 6/6
  3277 | D:3      | Reached skill level 7 in Unarmed Combat
  3665 | D:4      | Gained mutation: You sometimes gain power by taking damage. [demonic ancestry]
  3665 | D:4      | Reached XP level 7. HP: 49/52 MP: 7/7
  3714 | D:4      | Found a snail-covered altar of Cheibriados.
  3715 | D:4      | Found a shadowy altar of Dithmenos.
  3716 | D:4      | Found a sacrificial altar of Ru.
  3716 | D:4      | Found a radiant altar of Vehumet.
  3717 | D:4      | Found an opulent altar of Gozag.
  3718 | D:4      | Found a glowing silver altar of Zin.
  3721 | D:4      | Found a basalt altar of Yredelemnul.
  3727 | D:4      | Became a worshipper of Yredelemnul the Dark
  3727 | D:4      | Reached * piety under Yredelemnul
  3727 | D:4      | Reached ** piety under Yredelemnul
  3801 | D:4      | Gained mutation: You are covered in fur (AC +1). [potion of mutation]
  3801 | D:4      | Gained mutation: You have very sharp teeth. [potion of mutation]
  3801 | D:4      | Gained mutation: You passively map a small area around you. [potion of mutation]
  3873 | D:4      | Noticed Tobisume's ghost (amateur DsFi)
  3938 | D:4      | Reached skill level 1 in Invocations
  4327 | D:4      | Reached skill level 8 in Unarmed Combat
  4493 | D:4      | Killed Tobisume's ghost
  4819 | D:4      | Reached XP level 8. HP: 58/58 MP: 11/11
  5112 | D:5      | Entered Level 5 of the Dungeon
  5277 | D:5      | Reached skill level 9 in Unarmed Combat
  5323 | D:5      | Found Qunwypp's Gadget Shop.
  5471 | D:5      | Found Byimp's General Store.
  5680 | D:5      | Found Uciwus's General Store.
  5759 | D:5      | Found Ahoa's Assorted Antiques.
  5809 | D:5      | Found a staircase to the Ecumenical Temple.
  5831 | D:5      | Noticed Blork the orc
  5850 | D:5      | Killed Blork the orc
  6072 | D:5      | Noticed Edmund
  6082 | D:5      | Killed Edmund
  6448 | D:6      | Reached skill level 5 in Fighting
  6520 | D:6      | Reached skill level 1 in Maces & Flails
  6520 | D:6      | Reached XP level 9. HP: 50/68 MP: 12/12
  7823 | D:7      | Reached skill level 5 in Maces & Flails
  7990 | D:7      | Reached *** piety under Yredelemnul
  8055 | D:7      | Noticed Prince Ribbit
  8113 | D:7      | Reached skill level 1 in Armour
  9180 | D:7      | Killed Prince Ribbit
  9344 | D:7      | Gained mutation: You have a moderately thin skeletal structure (Dex +4, Stealth+). [demonic ancestry]
  9344 | D:7      | Reached XP level 10. HP: 67/75 MP: 13/13
 10170 | D:8      | Noticed Erolcha
 10538 | D:9      | Noticed Joseph
 10565 | D:9      | Killed Joseph
 11022 | D:9      | Found a burning altar of Makhleb.
 11194 | D:10     | Entered Level 10 of the Dungeon
 11414 | D:10     | Found a staircase to the Lair.
 11498 | D:10     | Received a gift from Yredelemnul
 12031 | D:11     | Noticed a cyclops
 12046 | D:11     | Killed a cyclops
 12046 | D:11     | Reached skill level 5 in Dodging
 12715 | D:11     | Reached XP level 11. HP: 66/84 MP: 14/14
 12745 | D:11     | Reached **** piety under Yredelemnul
 12755 | D:11     | Found a staircase to the Orcish Mines.
 12774 | D:11     | Received a gift from Yredelemnul
 12894 | D:11     | Received a gift from Yredelemnul
 13416 | D:11     | Noticed a hill giant
 13425 | D:11     | Killed a hill giant
 13942 | D:5      | Bought the +7 great mace "Undeadhunter" {disrupt, rN+} for 579 gold pieces
 14161 | Lair:1   | Entered Level 1 of the Lair of Beasts
 14260 | Lair:1   | Reached skill level 5 in Armour
 14272 | Lair:1   | Lost mutation: You passively map a small area around you. [potion of cure mutation]
 14272 | Lair:1   | Lost mutation: You are covered in fur (AC +1). [potion of cure mutation]
 14272 | Lair:1   | Lost mutation: You have very sharp teeth. [potion of cure mutation]
 14652 | Lair:1   | Reached ***** piety under Yredelemnul
 15584 | Lair:2   | Noticed a five-headed hydra
 15588 | Lair:2   | Noticed Nergalle
 15669 | Lair:1   | Killed from afar by Nergalle

Action                   |  1- 3 |  4- 6 |  7- 9 | 10-12 || total
-------------------------+-------+-------+-------+-------++-------
Melee: Unarmed           |   232 |   148 |   195 |    34 ||   609
       Lajatang          |       |     1 |       |       ||     1
       Dire flail        |       |       |   355 |   497 ||   852
       Great mace        |       |       |       |     1 ||     1
 Fire: Hunting sling     |       |    36 |    20 |       ||    56
Invok: Animate Remains   |       |       |     3 |       ||     3
       Animate Dead      |       |       |       |     4 ||     4
Evoke: Wand              |       |       |     3 |     1 ||     4
  Use: Scroll            |       |     3 |       |    10 ||    13
       Potion            |       |       |     1 |     3 ||     4
 Stab: Sleeping          |     4 |     4 |     8 |     7 ||    23
       Distracted        |       |       |     1 |     6 ||     7
  Eat: Chunk             |     5 |     4 |    14 |    17 ||    40
       Bread ration      |       |       |     1 |     1 ||     2

Vault maps used:
D:1:      eino_arrival_water_cross
D:2:      lemuel_round_altar, trog_hazing_becter
D:3:      first_bread, goddamned_bats, uniq_sigmund
D:4:      minitemple, hangedman_abyss_or_decor_stabs
D:5:      temple_fountains, serial_shops, shop, nicolae_shop_stone,
          nicolae_shop_behind_doors, shop, uniq_edmund, uniq_blork_the_orc
D:6:      serial_bayou, serial_bayou_crossing, serial_bayou_ford_a,
          serial_bayou_pond_b, serial_bayou_shore_a, minmay_misc_feat_alley,
          minmay_misc_feat_diagonals, minmay_bad_closet
D:7:      wad_guarded_room, grunt_ogre_cave, uniq_prince_ribbit1
D:8:      uniq_gastronok, uniq_erolcha
D:9:      lemuel_coloured_pillars_altar, st_stairs_7, uniq_joseph
D:10:     lair_0_dummy
D:11:     hiddenorc2_lemuel
Lair:2:   roderic_carrion_pond, infiniplex_staircase_pool, grunt_megastairs_3,
          uniq_harold, uniq_nergalle
